 Dungeon Crawl Stone Soup version 0.30.0-10-gfe55d96785 (webtiles) character file.

Game seed: 15557654282751957319

28 Jarnaxa the Trooper (level 3, 29/29 HPs)
             Began as a Demonspawn Monk on May 14, 2023.
             Quit the game on level 1 of the Dungeon.
             The game lasted 00:01:32 (462 turns).

Jarnaxa the Trooper (Demonspawn Monk)                Turns: 462, Time: 00:01:32

Health: 29/29      AC:  5    Str: 13    XL:     3   Next: 0%
Magic:  3/3        EV: 12    Int: 11    God:
Gold:   28         SH:  0    Dex: 21    Spells: 2/2 levels left

rFire   . . .        a - +0 mace
rCold   . . .        d - orb {light}
rNeg    . . .        k - +0 ring mail
rPois   .            (no helmet)
rElec   .            (no cloak)
rCorr   .            (no gloves)
SInv    .            (no boots)
Will    .....        (no amulet)
Stlth   +            g - +6 ring of dexterity
HPRegen 0.24/turn    (no ring)
MPRegen 0.08/turn

%: no passive effects
@: glowing
A: powered by pain 1, weakness stinger 1
a: no special abilities


You were on level 1 of the Dungeon.
You visited 1 branch of the dungeon, and saw 2 of its levels.

You collected 28 gold pieces.

Inventory:

Hand Weapons
 a - a +0 mace (weapon)
Armour
 b - a +0 robe
 d - an orb of light (worn)
 k - a +0 ring mail (worn)
Jewellery
 g - a +6 ring of dexterity (left hand)
 h - a ring of flight
Scrolls
 e - 2 scrolls of fog {unknown}
 f - a scroll of fear {unknown}
 j - a scroll of amnesia {unknown}
Potions
 c - a potion of ambrosia
 i - a potion of attraction {unknown}
 l - a potion of mutation {unknown}


   Skills:
 + Level 3.3 Fighting
 + Level 3.1 Maces & Flails
 + Level 3.1 Dodging


You had 2 spell levels left.
You didn't know any spells.
Your spell library contained the following spells:

 Spells                   Type           Power      Damage    Failure   Level
 Slow                     Hex            0%         N/A       61%         1
 Confusing Touch          Hex            0%         N/A       93%         3
 Vampiric Draining        Necr           0%         2d6       93%         3


Dungeon Overview and Level Annotations

Branches:
Dungeon (2/15)

Altars:

Shops:
D:1 ?


Innate Abilities, Weirdness & Mutations

You sometimes gain a little power by taking damage.
You have a small tail.


Message History

The hobgoblin is almost dead.
The hobgoblin hits you.
You hit the hobgoblin.
You kill the hobgoblin!
A kobold comes into view. It is wielding a +0 whip.
You see here a hobgoblin corpse.
You hit the kobold.
You kill the kobold!
No target in view!
No target in view!
No target in view!
No target in view!
No target in view!
No target in view!
Things that are here:
a +0 whip; a kobold corpse You now have 28 gold pieces (gained 17).
You see here a +0 short sword.
There is an entrance to Uqisatiy's Magic Scroll Boutique here.
You open the door.
There is an open door here.
A ball python comes into view.
The ball python hisses angrily.
A ball python is nearby!
A bat comes into view.
You hit the ball python.
You kill the ball python!
The bat completely misses you.
You hit the bat.
You kill the bat!
A giant cockroach comes into view.
You have reached level 3!
Your experience leads to an increase in your attributes!
Your base attributes are Str 11, Int 11, Dex 15.
Increase (S)trength, (I)ntelligence, or (D)exterity?
You feel stronger. x2
You feel monstrous as your demonic heritage exerts itself.
Your demonic ancestry asserts itself...
You grow a small tail.
Are you sure you want to abandon this character and quit the game? (Confirm with "yes".)

####...........
................ #
####.......
#######)###..... #
......######...)........
# . #....##....###.....
# ## #.....'....'.......
### ##~##
#....##.∩..###.....
##~♣~~P~##
####....####### .
#~♣8♣P8P~# #.......#
##.♣..P~####....@..#
.....<.....#...††..#
##.P..P~##.........#
#~P8PP8P~###.......#
##~P~~P~## #.......#
###~##~## #........
######## ..........
........ ......B.....
))#####+


You could see a giant cockroach (wandering).

Vanquished Creatures
  A dart slug (D:1)
  2 bats (D:1)
  An endoplasm (D:1)
  A giant cockroach (D:1)
  2 goblins (D:1)
  2 hobgoblins (D:1)
  6 kobolds (D:1)
  A quokka (D:1)
  4 ball pythons (D:1)
  A frilled lizard (D:1)
  3 rats (D:1)
24 creatures vanquished.

Notes
Turn   | Place    | Note
-------+----------+-------------------------------------------
     0 | D:1      | Jarnaxa the Demonspawn Monk began the quest for the Orb.
     0 | D:1      | Reached XP level 1. HP: 18/18 MP: 1/1
   112 | D:1      | You fall into a shaft and drop 1 floor!
   155 | D:1      | Gained mutation: You sometimes gain a little power by
                  | taking damage. [demonic ancestry]
   155 | D:1      | Reached XP level 2. HP: 14/24 MP: 2/2
   415 | D:1      | Found Uqisatiy's Magic Scroll Boutique.
   462 | D:1      | Discovered your monstrous ancestry.
   462 | D:1      | Gained mutation: You have a small tail. [demonic ancestry]
   462 | D:1      | Reached XP level 3. HP: 29/29 MP: 3/3
   462 | D:1      | Quit the game

Illustrated notes

Levels and vault maps discovered:
D:1:      ldierk_walled_garden_2, layout_basic, serial_shops, shop,
          roderic_roman_lattice
D:2:      layout_basic, basic_altar

Skill      XL: |  1  2 |
---------------+-------+-----
Dodging        | 3 |  3.1
Maces & Flails | 3 |  3.1
Fighting       | |  3.3

Action                     || total
---------------------------++-------
  Melee: Mace              ||    62
 Armour: Robe              ||     4
         Ring mail         ||     5
  Dodge: Dodged            ||    40
